 Dungeon Crawl Stone Soup version 0.28-a0-1190-g77e1c55843 (webtiles) character file.

Game seed: 16178580423704652029

338 enile the Magician (level 6, 0/69 HPs)
             Began as a Djinni Hedge Wizard on Dec 19, 2021.
             Was a Believer of Fedhas.
             Slain by a phantom (4 damage)
             ... on level 4 of the Dungeon.
             The game lasted 00:10:56 (5672 turns).

enile the Magician (Djinni Hedge Wizard)            Turns: 5672, Time: 00:10:56

Health: 0/69       AC: 23    Str:  9    XL:     6   Next: 85%
Gold:   145        EV:  2    Int: 18    God:    Fedhas [**....] SH:  0 Dex: 12

rFire   . . .      SeeInvis .   o - +2 dagger (vamp)
rCold   . . .      Faith    .   (no shield)
rNeg    . . .      Spirit   .   (armour currently unavailable)
rPois   ∞          Reflect  .   (helmet currently unavailable)
rElec   .          Harm     .   (cloak currently unavailable)
rCorr   .          Rampage  .   (gloves currently unavailable)
Will    .....      NoTele   +   (boots unavailable)
Stlth   ++........              (no amulet)
HPRegen 0.21/turn               (no ring)
MPRegen 0.00/turn               (no ring)

@: tree-form
A: stationary, stasis, torment immunity, boosted hp, sickness immunity, (fire
resistance 2), (cold vulnerability 1), float, innate caster, hp casting, extra
vitality 1
a: Renounce Religion, Wall of Briars


You were on level 4 of the Dungeon.
You worshipped Fedhas.
Fedhas was pleased with you.
You were a tree.
You visited 1 branch of the dungeon, and saw 4 of its levels.

You collected 145 gold pieces.

Inventory:

Hand Weapons
 a - a +0 dagger
 h - a +1 dagger of freezing
 o - a +2 vampiric dagger (weapon)
 p - a +3 dagger
Armour
 b - a +0 robe (melded)
 c - a +0 hat (melded)
 g - a +0 pair of boots
 l - a +0 scale mail
Jewellery
 i - a +6 ring of dexterity
Wands
 q - a wand of iceblast (3)
Scrolls
 f - 7 scrolls of identify {unknown}
 k - a scroll of brand weapon {unknown}
 m - a scroll of noise {unknown}
 r - a scroll of enchant armour {unknown}
Potions
 j - a potion of heal wounds {unknown}
 n - a potion of magic {unknown}


   Skills:
 - Level 3.0 Fighting
 + Level 1.6 Short Blades
 - Level 3.0 Dodging
 - Level 1.6 Stealth
 - Level 4.0 Spellcasting
 - Level 2.0 Invocations


You couldn't memorise any spells.
You knew the following spells:

 Your Spells              Type           Power      Damage    Failure   Level
a - Magic Dart            Conj           72%        1d6       2%          1
b - Blink                 Tloc           36%        N/A       4%          2
c - Call Imp              Summ           18%        N/A       4%          2
d - Slow                  Hex            72%        N/A       2%          1
e - Conjure Flame         Conj/Fire      18%        6-21      9%          3
f - Mephitic Cloud        Conj/Pois/Air  18%        N/A       9%          3
g - Foxfire               Conj/Fire      72%        2x1d7     2%          1
h - Ensorcelled Hibernat  Hex/Ice        36%        N/A       4%          2
Your spell library was empty.

Dungeon Overview and Level Annotations

Branches:
Dungeon (4/15)
 Temple: D:4-7

Altars:
Cheibriados
Elyvilon
Fedhas
Ru
Trog

Shops:
D:3 :


Innate Abilities, Weirdness & Mutations

You are a tree.
Your roots penetrate the ground, keeping you stationary.
You cannot be teleported.
You are immune to unholy pain and torment.
Your maximum health is greatly increased.
Your equipment is partially melded.
You are immune to sickness and miasma.
You are immune to poison.
((Your flesh is very heat resistant. (rF++)))
((You are vulnerable to cold. (rC-)))
You float through the air rather than walking.
You learn spells naturally, not from books.
Your magical power is your life essence.
You have superior vitality. (+4 HP)


Message History

The phantom hits your briar patch but does no damage.
Found a stone staircase leading up.
The goblin hits your briar patch but does no damage.
The phantom hits your briar patch but does no damage.
The phantom is struck by your briar patch's thorns.
The phantom hits your briar patch but does no damage.
The goblin is struck by your briar patch's thorns.
The goblin dies!
Fedhas appreciates your contribution to the ecosystem.
The phantom is struck by your briar patch's thorns.
The phantom hits your briar patch but does no damage.
The phantom hits your briar patch!
Found a robe.
Found a hand axe.
You hit the phantom but do no damage.
The phantom is severely damaged.
You hit the phantom but do no damage.
The phantom is severely damaged.
The phantom hits you.
* * * LOW HITPOINT WARNING * * *
The phantom blinks!
You blink.
You closely miss the phantom.
The phantom is severely damaged.
The phantom hits you.
* * * LOW HITPOINT WARNING * * *
The phantom blinks!
You blink.
You barely miss the phantom.
The phantom is severely damaged.
The phantom barely misses you.
Okay, then.
It was a potion of flight.
You feel more buoyant. The phantom hits you!
* * * LOW HITPOINT WARNING * * *
Okay, then.
It was a potion of lignification.
You turn into a tree.
Your +0 hat melds into your body.
Your +0 robe melds into your body.
Your roots penetrate the ground.
The phantom hits you.
You die...
Fedhas appreciates your contribution to the ecosystem.

##...####........... ....?
.......# ..........# ....
.......#........(..#
.......#...........#
...................#..
...(............... .
................#.##.# ##
...............W..#..# ..
...........#....♣...###.#
.............##.#..<....
.......#.##..##.#....###
#.............#.....$..###
.........###.....#§.##...#
#.......(..............#.#
#...............>.......[.
#.......###.........###.
#.......# #.#..#.#§......)


You could see a phantom.

Vanquished Creatures
  A bullfrog zombie (D:3)
  Robin (D:4)
  A gnoll (D:1)
  6 adders
  3 worms
  3 dart slugs
  5 orcs (D:3)
  10 endoplasms
  5 giant cockroaches
  11 goblins
  10 hobgoblins
  2 jackals (D:1)
  6 kobolds
  A quokka (D:3)
  5 ball pythons
  2 bats
  A frilled lizard (D:1)
  9 rats
82 creatures vanquished.

Vanquished Creatures (collateral kills)
  A water moccasin (D:3)
  A hound skeleton (D:4)
  An adder skeleton (D:4)
  5 goblins
  A ball python (D:4)
9 creatures vanquished.

Vanquished Creatures (others)
  A demonic plant (D:2)
  22 foxfires
  A fungus (D:2)
  5 plants (D:4)
29 creatures vanquished.

Grand Total: 120 creatures vanquished

Notes
Turn   | Place    | Note
-------+----------+-------------------------------------------
     0 | D:1      | enile the Djinni Hedge Wizard began the quest for the Orb.
     0 | D:1      | Reached XP level 1. HP: 15/15 MP: 0/0
   258 | D:1      | Reached XP level 2. HP: 16/21 MP: 0/0
   548 | D:1      | Reached skill level 3 in Spellcasting
   740 | D:1      | Reached skill level 1 in Fighting
   740 | D:1      | Reached XP level 3. HP: 22/27 MP: 0/0
   740 | D:1      | Learned a level 1 spell: Foxfire
  1640 | D:1      | Reached XP level 4. HP: 31/33 MP: 0/0
  2101 | D:2      | Reached skill level 1 in Short Blades
  2124 | D:2      | Found a faded altar of an unknown god.
  2133 | D:2      | Prayed at the altar of an unknown god.
  2133 | D:2      | Became a worshipper of Fedhas Madash
  2133 | D:2      | Reached * piety under Fedhas
  2541 | D:2      | Found a snail-covered altar of Cheibriados.
  2905 | D:2      | Reached XP level 5. HP: 34/38 MP: 0/0
  2905 | D:2      | Learned a level 2 spell: Ensorcelled Hibernation
  3225 | D:3      | Reached ** piety under Fedhas
  3515 | D:3      | Found Vajo's Book Shop.
  3983 | D:3      | Noticed a water moccasin
  3993 | D:3      | Killed a water moccasin
  3994 | D:3      | Reached skill level 4 in Spellcasting
  3994 | D:3      | Reached skill level 1 in Invocations
  3994 | D:3      | Reached XP level 6. HP: 5/43 MP: 0/0
  4372 | D:3      | Found a sacrificial altar of Ru.
  5041 | D:4      | Noticed Robin
  5471 | D:4      | Killed Robin
  5523 | D:4      | Found a bloodstained altar of Trog.
  5560 | D:4      | Found a white marble altar of Elyvilon.
  5671 | D:4      | HP: 2/46 [phantom (7)]
  5672 | D:4      | Slain by a phantom

Illustrated notes

Levels and vault maps discovered:
D:1:      dpeg_arrival_shelter, layout_basic, minmay_pentomino_r2
D:2:      layout_basic, basic_altar, shapermc_ecumenical_altar_gd
D:3:      layout_basic, nicolae_ru_sacrificial_ziggurat, serial_shops, shop,
          kennysheep_generic_room_6
D:4:      layout_rooms, mainiacjoe_overflow_24_doors,
          nicolae_elyvilon_temple_path, mainiacjoe_overflow_alcove_2,
          enter_ossuary_5, uniq_robin

Skill      XL: |  1  2  3  4  5  6 |
---------------+-------------------+-----
Spellcasting   | 3 4 |  4.0
Fighting       | 1 2 3 |  3.0
Short Blades   | 1 |  1.6
Dodging        | 3 |  3.0
Invocations    | 1 2 |  2.0
Stealth        | |  1.6

Action                   |  1- 3 |  4- 6 || total
-------------------------+-------+-------++-------
Melee: Dagger            |    15 |   135 ||   150
 Cast: Magic Dart        |    66 |    74 ||   140
       Foxfire           |     6 |     8 ||    14
       Mephitic Cloud    |     1 |     5 ||     6
       Ensorcelled Hiber |       |     6 ||     6
       Call Imp          |       |     4 ||     4
       Slow              |       |     1 ||     1
       Conjure Flame     |       |     1 ||     1
       Blink             |       |     1 ||     1
Invok: Wall of Briars    |       |     2 ||     2
  Use: Potion            |       |     2 ||     2
       Scroll            |       |     1 ||     1
 Stab: Confused          |       |     1 ||     1
       Sleeping          |       |     2 ||     2
Armor: Robe              |       |    22 ||    22
Dodge: Dodged            |    11 |    89 ||   100

Table legend: (Time is in decaauts)
 A = Elapsed time spent in this place.
 B = Non-inter-level travel time spent in this place.
 C = Inter-level travel time spent in this place.
 D = Time resting spent in this place.
 E = Time spent auto-exploring this place.
 F = Levels seen in this place.
 G = Mean time per level.
                   A        B        C        D        E       F      G
               +--------+--------+--------+--------+--------+-----+--------+
         Total |   5676 |   5556 |    120 |    653 |   4129 |   4 | 1419.0 |
       Dungeon |   5676 |   5556 |    120 |    653 |   4129 |   4 | 1419.0 |
               +--------+--------+--------+--------+--------+-----+--------+

Top non-repeatable levels by time:
     D:3: 2092 daAuts
     D:1: 1912 daAuts
     D:2: 1442 daAuts
     D:4: 229 daAuts
